MAA
ST. PETERSBURG UNIVERSE @ GLENBURN BABOONS
08/24/2018
 
TOP OF THE 1ST
St. Petersburg Universe batting - Pitching for Glenburn Baboons : RHP Iván Castillo
Pitching: RHP Iván Castillo
Batting: RHB Fernando Castro 0-0: Called Strike
0-1: Foul Ball, location: 2F
0-2: Ball
1-2: Foul Ball, location: 2F
1-2: Ball
2-2: Strikes out swinging
Batting: LHB Dave Burns 0-0: Called Strike
0-1: Ball
1-1: Ball
2-1: Foul Ball, location: 2F
2-2: Ball
3-2: Base on Balls
Batting: RHB Teddy Pelham 0-0: Fly out, F9 (Flyball, 9LM)
Batting: RHB Ralph May 0-0: Ball
1-0: Swinging Strike
1-1: Foul Ball, location: 2F
1-2: DOUBLE (Line Drive, 78XD)
Dave Burns to third
Runner from 3rd tries for Home, SAFE, no throw or cutoff
Batting: RHB Pat Ings 0-0: Ball
1-0: Ball
2-0: Swinging Strike
2-1: Ball
3-1: Called Strike
3-2: Base on Balls
Batting: RHB Carlos Santos 0-0: Ball
1-0: Foul Ball, location: 2F
1-1: Ball
2-1: Foul Ball, location: 2F
2-2: Strikes out looking
Top of the 1st over - 1 run(s), 1 hit(s), 0 error(s), 2 left on base; St. Petersburg 1 - Glenburn 0
BOTTOM OF THE 1ST
Glenburn Baboons batting - Pitching for St. Petersburg Universe : RHP Jim Unknown
Pitching: RHP Jim Unknown
Batting: RHB Dustin Walker 0-0: Ball
1-0: Foul Ball, location: 2F
1-1: Ball
2-1: Ball
3-1: Foul Ball, location: 2F
3-2: Base on Balls
Batting: RHB Isaac Downey 0-0: Called Strike
0-1: Ball
1-1: Ball
2-1: Called Strike
2-2: Strikes out swinging
Batting: LHB Jim Vaughan 0-0: Ball
1-0: SINGLE (Line Drive, 78S)
Dustin Walker to second
Batting: LHB Joe McElroy 0-0: Called Strike
0-1: Called Strike
0-2: Ball
1-2: Ball
2-2: Ball
3-2: Base on Balls
Dustin Walker to third
Jim Vaughan to second
Batting: RHB Abdurahman Paloka 0-0: Called Strike
0-1: Foul Ball, location: 2F
0-2: Ball
1-2: GRAND SLAM HOME RUN (Flyball, 7D), Distance : 428 ft
Batting: RHB Edgar García 0-0: Called Strike
0-1: Ball
1-1: Called Strike
1-2: Strikes out swinging
Batting: LHB José Hernández 0-0: Foul Ball, location: 2F
0-1: Ball
1-1: Ball
2-1: Foul Ball, location: 2F
2-2: Strikes out swinging
Bottom of the 1st over - 4 run(s), 2 hit(s), 0 error(s), 0 left on base; St. Petersburg 1 - Glenburn 4
TOP OF THE 2ND
St. Petersburg Universe batting - Pitching for Glenburn Baboons : RHP Iván Castillo
Batting: RHB Jason Ruffin 0-0: Ball
1-0: Ball
2-0: Ball
3-0: Base on Balls
Batting: SHB Arturo Robles 0-0: Fly out, F6 (Popup, 78S)
Batting: RHB Bennett Bates 0-0: Called Strike
0-1: SINGLE (Line Drive, 78S)
Jason Ruffin to second
Batting: RHB Fernando Castro 0-0: Called Strike
0-1: Ball
1-1: Ball
2-1: SINGLE (Flyball, 9LS)
Jason Ruffin to third
Bennett Bates to second
Runner from 3rd tries for Home, SAFE, throw made home
Bennett Bates to third
Fernando Castro to second
Batting: LHB Dave Burns 0-0: Ball
1-0: Fly out, F9 (Flyball, 89M)
Runner from 3rd tags up, SCORES, throw made
Batting: RHB Teddy Pelham 0-0: Called Strike
0-1: Foul Ball, location: 2F
0-2: Ball
1-2: Ball
2-2: SINGLE (Flyball, 8LM)
Fernando Castro to third
Runner from 3rd tries for Home, SAFE, no throw or cutoff
Batting: RHB Ralph May 0-0: Ball
1-0: Foul Ball, location: 2F
1-1: Ball
2-1: Called Strike
2-2: Ball
3-2: Base on Balls
Teddy Pelham to second
Batting: RHB Pat Ings 0-0: Ball
1-0: Ball
2-0: Ball
3-0: Base on Balls
Teddy Pelham to third
Ralph May to second
Batting: RHB Carlos Santos 0-0: Ball
1-0: Swinging Strike
1-1: Swinging Strike
1-2: Fielders Choice at 2nd, U4 (Groundball, 4M)
Top of the 2nd over - 3 run(s), 3 hit(s), 0 error(s), 3 left on base; St. Petersburg 4 - Glenburn 4
BOTTOM OF THE 2ND
Glenburn Baboons batting - Pitching for St. Petersburg Universe : RHP Jim Unknown
Batting: RHB Eddie Davis 0-0: Swinging Strike
0-1: Ball
1-1: Foul Ball, location: 2F
1-2: Strikes out looking
Batting: LHB Manny Guzmán 0-0: Called Strike
0-1: Ball
1-1: Ball
2-1: Ball
3-1: Base on Balls
Batting: RHB Dustin Walker 0-0: Called Strike
0-1: Ball
1-1: Called Strike
1-2: Ball
2-2: Ball
3-2: Base on Balls
Manny Guzmán to second
Batting: RHB Isaac Downey 0-0: Called Strike
0-1: Called Strike
0-2: Ball
1-2: Ball
2-2: Grounds into double play, 6-4-3 (Groundball, 6M)
Bottom of the 2nd over - 0 run(s), 0 hit(s), 0 error(s), 1 left on base; St. Petersburg 4 - Glenburn 4
TOP OF THE 3RD
St. Petersburg Universe batting - Pitching for Glenburn Baboons : RHP Iván Castillo
Batting: RHB Jason Ruffin 0-0: Called Strike
0-1: Called Strike
0-2: Ball
1-2: Foul Ball, location: 2F
1-2: Foul Ball, location: 2F
1-2: Ball
2-2: Ball
3-2: Foul Ball, location: 2F
3-2: Foul Ball, location: 2F
3-2: Strikes out looking
Batting: SHB Arturo Robles 0-0: Ball
1-0: Ball
2-0: Ground out 4-3 (Groundball, 4)
Batting: RHB Bennett Bates 0-0: Ball
1-0: Called Strike
1-1: Called Strike
1-2: Fly out, F7 (Flyball, 78M)
Top of the 3rd over - 0 run(s), 0 hit(s), 0 error(s), 0 left on base; St. Petersburg 4 - Glenburn 4
BOTTOM OF THE 3RD
Glenburn Baboons batting - Pitching for St. Petersburg Universe : RHP Jim Unknown
Batting: LHB Jim Vaughan 0-0: Called Strike
0-1: Swinging Strike
0-2: Strikes out looking
Batting: LHB Joe McElroy 0-0: Called Strike
0-1: Ground out 3-1 (Groundball, 3)
Batting: RHB Abdurahman Paloka 0-0: Swinging Strike
0-1: Foul Ball, location: 2F
0-2: Ball
1-2: Fly out, F4 (Popup, 4M)
Bottom of the 3rd over - 0 run(s), 0 hit(s), 0 error(s), 0 left on base; St. Petersburg 4 - Glenburn 4
TOP OF THE 4TH
St. Petersburg Universe batting - Pitching for Glenburn Baboons : RHP Iván Castillo
Batting: RHB Fernando Castro 0-0: Ball
1-0: Swinging Strike
1-1: SINGLE (Line Drive, 8LS)
Batting: LHB Dave Burns 0-0: Ball
Fernando Castro is caught stealing 2nd base
1-0: SINGLE (Groundball, 4MD)
Batting: RHB Teddy Pelham 0-0: Fly out, F3 (Popup, 3SF)
Batting: RHB Ralph May 0-0: Ball
1-0: Called Strike
1-1: Ball
2-1: Swinging Strike
2-2: Fly out, F3 (Popup, 3S)
Top of the 4th over - 0 run(s), 2 hit(s), 0 error(s), 1 left on base; St. Petersburg 4 - Glenburn 4
BOTTOM OF THE 4TH
Glenburn Baboons batting - Pitching for St. Petersburg Universe : RHP Jim Unknown
Batting: RHB Edgar García 0-0: Called Strike
0-1: Ball
1-1: SINGLE (Groundball, 6M)
Batting: LHB José Hernández 0-0: Called Strike
0-1: Ball
1-1: Ball
2-1: Ball
3-1: Swinging Strike
3-2: Strikes out swinging
Batting: RHB Eddie Davis 0-0: Ball
1-0: Foul Ball, location: 2F
1-1: Ball
2-1: Foul Ball, location: 2F
2-2: Foul Ball, location: 2F
2-2: Strikes out looking
Batting: LHB Manny Guzmán 0-0: Called Strike
0-1: Ball
1-1: Ball
2-1: Ball
3-1: Foul Ball, location: 2F
3-2: Base on Balls
Edgar García to second
Batting: RHB Dustin Walker 0-0: Ball
1-0: Ball
2-0: Foul Ball, location: 2F
2-1: Ball
3-1: Foul Ball, location: 2F
3-2: Foul Ball, location: 2F
3-2: Base on Balls
Edgar García to third
Manny Guzmán to second
Batting: RHB Isaac Downey 0-0: Ball
1-0: Called Strike
1-1: Swinging Strike
1-2: Ground out 4-3 (Groundball, 34)
Bottom of the 4th over - 0 run(s), 1 hit(s), 0 error(s), 3 left on base; St. Petersburg 4 - Glenburn 4
TOP OF THE 5TH
St. Petersburg Universe batting - Pitching for Glenburn Baboons : RHP Iván Castillo
Batting: RHB Pat Ings 0-0: Ball
1-0: Foul Ball, location: 2F
1-1: Ball
2-1: Fly out, F7 (Flyball, 78D)
Batting: RHB Carlos Santos 0-0: Swinging Strike
0-1: Ball
1-1: Called Strike
1-2: Strikes out swinging
Batting: RHB Jason Ruffin 0-0: Ball
1-0: Foul Ball, location: 2F
1-1: Called Strike
1-2: Ball
2-2: Foul Ball, location: 2F
2-2: Foul Ball, location: 2F
2-2: DOUBLE (Flyball, 7LM)
Batting: SHB Arturo Robles 0-0: Foul Ball, location: 2F
0-1: Foul Ball, location: 2F
0-2: Ball
1-2: Ball
2-2: Ball
3-2: Foul Ball, location: 2F
3-2: Strikes out looking
Top of the 5th over - 0 run(s), 1 hit(s), 0 error(s), 1 left on base; St. Petersburg 4 - Glenburn 4
BOTTOM OF THE 5TH
Glenburn Baboons batting - Pitching for St. Petersburg Universe : RHP Jim Unknown
Batting: LHB Jim Vaughan 0-0: Called Strike
0-1: Ball
1-1: Foul Ball, location: 2F
1-2: Ball
2-2: SINGLE (Groundball, 34D)
Batting: LHB Joe McElroy 0-0: Ball
1-0: Fly out, F6 (Line Drive, 6S)
Batting: RHB Abdurahman Paloka 0-0: Called Strike
0-1: Called Strike
0-2: SINGLE (Flyball, 7LM)
Jim Vaughan to second
Batting: RHB Edgar García 0-0: SINGLE (Flyball, 78S)
Jim Vaughan to third
Abdurahman Paloka to second
Batting: LHB José Hernández 0-0: Ball
1-0: Ball
2-0: Swinging Strike
2-1: Fly out, F7 (Flyball, 78M)
Pitching: RHP David Tinker
Batting: RHB Eddie Davis 0-0: Fielders Choice at 2nd, 5-4 (Groundball, 56)
Bottom of the 5th over - 0 run(s), 3 hit(s), 0 error(s), 2 left on base; St. Petersburg 4 - Glenburn 4
TOP OF THE 6TH
St. Petersburg Universe batting - Pitching for Glenburn Baboons : RHP Iván Castillo
Batting: RHB Bennett Bates 0-0: Swinging Strike
0-1: Ball
1-1: Ground out U3 (Groundball, 3S)
Batting: RHB Fernando Castro 0-0: SINGLE (Line Drive, 7LS)
Pitching: RHP Dermott Audley
Batting: LHB Dave Burns 0-0: Ball
1-0: Called Strike
1-1: Called Strike
1-2: Ground out 5-3 (Groundball, 5)
Fernando Castro to second
Batting: RHB Teddy Pelham 0-0: Ball
1-0: Called Strike
1-1: Called Strike
1-2: Fly out, F8 (Flyball, 8RM)
Top of the 6th over - 0 run(s), 1 hit(s), 0 error(s), 1 left on base; St. Petersburg 4 - Glenburn 4
BOTTOM OF THE 6TH
Glenburn Baboons batting - Pitching for St. Petersburg Universe : RHP David Tinker
Batting: LHB Manny Guzmán 0-0: DOUBLE (Flyball, 7LS)
Batting: RHB Dustin Walker 0-0: Intentional Walk
Batting: RHB Isaac Downey 0-0: SINGLE (Groundball, 4MD)
Manny Guzmán to third
Dustin Walker to second
Runner from 3rd tries for Home, SAFE, throw made home
Batting: LHB Jim Vaughan 0-0: Ball
1-0: DOUBLE (Line Drive, 9M)
Dustin Walker scores
Isaac Downey to third
Pitching: RHP Zane Reed
Batting: LHB Joe McElroy 0-0: SINGLE (Groundball, 34)
Isaac Downey scores
Jim Vaughan to third
Batting: RHB Abdurahman Paloka 0-0: Ball
1-0: Ball
2-0: Called Strike
2-1: Ball
3-1: Base on Balls
Joe McElroy to second
Batting: RHB Edgar García 0-0: Called Strike
0-1: Swinging Strike
0-2: Strikes out swinging
Batting: LHB José Hernández 0-0: Called Strike
0-1: Called Strike
0-2: Strikes out looking
Batting: RHB Eddie Davis 0-0: Foul Ball, location: 2F
0-1: SINGLE (Line Drive, 7S)
Jim Vaughan scores
Joe McElroy to third
Abdurahman Paloka to second
Batting: LHB Manny Guzmán 0-0: Called Strike
0-1: Ball
1-1: Foul Ball, location: 2F
1-2: Ball
2-2: SINGLE (Groundball, 6MD)
Joe McElroy scores
Abdurahman Paloka to third
Eddie Davis to second
Runner from 3rd tries for Home, SAFE, no throw or cutoff
Pitching: RHP Pablo Hernández
Batting: RHB Dustin Walker 0-0: SINGLE (Flyball, 9M)
Eddie Davis to third
Manny Guzmán to second
Runner from 3rd tries for Home, SAFE, no throw or cutoff
Batting: RHB Isaac Downey 0-0: SINGLE (Groundball, 4MD)
Manny Guzmán to third
Dustin Walker to second
Runner from 3rd tries for Home, SAFE, no throw or cutoff
Batting: LHB Jim Vaughan 0-0: Called Strike
0-1: Ground out 4-3 (Groundball, 34)
Bottom of the 6th over - 8 run(s), 8 hit(s), 0 error(s), 2 left on base; St. Petersburg 4 - Glenburn 12
TOP OF THE 7TH
St. Petersburg Universe batting - Pitching for Glenburn Baboons : RHP Dermott Audley
Batting: RHB Ralph May 0-0: Called Strike
0-1: Foul Ball, location: 2F
0-2: Ball
1-2: Strikes out swinging
Batting: RHB Pat Ings 0-0: Fly out, F8 (Line Drive, 8RM)
Batting: RHB Carlos Santos 0-0: Ball
1-0: Ball
2-0: Ball
3-0: Swinging Strike
3-1: Foul Ball, location: 2F
3-2: Ground out 1-3 (Groundball, 15S)
Top of the 7th over - 0 run(s), 0 hit(s), 0 error(s), 0 left on base; St. Petersburg 4 - Glenburn 12
BOTTOM OF THE 7TH
Glenburn Baboons batting - Pitching for St. Petersburg Universe : RHP Pablo Hernández
Batting: LHB Joe McElroy 0-0: Foul Ball, location: 2F
0-1: Ball
1-1: Ball
2-1: Called Strike
2-2: Fly out, F9 (Flyball, 89M)
Batting: RHB Abdurahman Paloka 0-0: Foul Ball, location: 2F
0-1: SINGLE (Groundball, 6MD)
Batting: RHB Edgar García 0-0: Foul Ball, location: 2F
0-1: Swinging Strike
0-2: Ball
1-2: Ball
2-2: Ball
3-2: Foul Ball, location: 2F
3-2: Fly out, F8 (Flyball, 8RM)
Batting: LHB José Hernández 0-0: Called Strike
0-1: Ball
1-1: Foul Ball, location: 2F
1-2: Ball
2-2: Ball
Abdurahman Paloka steals 2nd base
3-2: Fly out, F7 (Flyball, 78M)
Bottom of the 7th over - 0 run(s), 1 hit(s), 0 error(s), 1 left on base; St. Petersburg 4 - Glenburn 12
TOP OF THE 8TH
St. Petersburg Universe batting - Pitching for Glenburn Baboons : RHP Dermott Audley
Batting: RHB Jason Ruffin 0-0: Ball
1-0: Ball
2-0: Called Strike
2-1: Ground out 6-3 (Groundball, 6)
Pitching: RHP Ed Stark
Batting: SHB Arturo Robles 0-0: Called Strike
0-1: Hit by Pitch
Batting: RHB Bennett Bates 0-0: Called Strike
0-1: Foul Ball, location: 2F
0-2: Ball
1-2: Foul Ball, location: 2F
1-2: Foul Ball, location: 2F
1-2: Strikes out swinging
Batting: RHB Fernando Castro 0-0: Ball
1-0: Swinging Strike
1-1: Called Strike
1-2: Fly out, F9 (Flyball, 9S)
Top of the 8th over - 0 run(s), 0 hit(s), 0 error(s), 1 left on base; St. Petersburg 4 - Glenburn 12
BOTTOM OF THE 8TH
Glenburn Baboons batting - Pitching for St. Petersburg Universe : RHP Pablo Hernández
Batting: RHB Eddie Davis 0-0: SINGLE (Groundball, 6MD)
Batting: LHB Manny Guzmán 0-0: Ball
1-0: Ball
2-0: Called Strike
2-1: Fly out, F9 (Flyball, 89D)
Batting: RHB Dustin Walker 0-0: Fly out, F3 (Popup, 3F)
Batting: RHB Isaac Downey 0-0: Called Strike
0-1: Ball
1-1: Ball
2-1: Ball
3-1: Fly out, F7 (Flyball, 7M)
Bottom of the 8th over - 0 run(s), 1 hit(s), 0 error(s), 1 left on base; St. Petersburg 4 - Glenburn 12
TOP OF THE 9TH
St. Petersburg Universe batting - Pitching for Glenburn Baboons : RHP Ed Stark
Pinch Hitting: RHB Fraser Henderson 0-0: Ball
1-0: Ball
2-0: Called Strike
2-1: Ball
3-1: Called Strike
3-2: Foul Ball, location: 2F
3-2: Base on Balls
Batting: RHB Teddy Pelham 0-0: Foul Ball, location: 2F
0-1: Called Strike
0-2: Ball
1-2: Ball
2-2: Grounds into double play, 4-6-3 (Groundball, 4)
Batting: RHB Ralph May 0-0: Called Strike
0-1: Ground out 6-3 (Groundball, 6M)
Top of the 9th over - 0 run(s), 0 hit(s), 0 error(s), 0 left on base; St. Petersburg 4 - Glenburn 12
This league is powered by Out of the Park Baseball, the baseball management simulation game for PC, Mac and Linux
Monday, May 4th, 2015 - OOTP Baseball 15.6 Build 34